 Dungeon Crawl Stone Soup version 0.28-a0-925-gd5e1996cdb (webtiles) character file.

Game seed: 2384054022640105009

21 Anon1729 the Skirmisher (level 2, -2/27 HPs)
             Began as a Minotaur Monk on Nov 26, 2021.
             Slain by an adder (5 damage)
             ... on level 2 of the Dungeon.
             The game lasted 00:00:32 (806 turns).

Anon1729 the Skirmisher (Minotaur Monk)              Turns: 806, Time: 00:00:33

Health: -2/27      AC:  2    Str: 15    XL:     2   Next: 65%
Magic:  1/1        EV: 13    Int:  7    God:
Gold:   6          SH:  0    Dex: 12    Spells: 1/1 levels left

rFire   . . .      SeeInvis .   a - +0 falchion
rCold   . . .      Faith    .   (no shield)
rNeg    . . .      Spirit   .   b - +0 robe
rPois   .          Reflect  .   (helmet restricted)
rElec   .          Harm     .   (no cloak)
rCorr   .          Rampage  .   (no gloves)
Will    .....                   (no boots)
Stlth   ++........              (no amulet)
HPRegen 0.09/turn               (no ring)
MPRegen 0.07/turn               (no ring)

@: lethally poisoned (-2 -> -11)
A: horns 2, retaliatory headbutt
a: no special abilities


You were on level 2 of the Dungeon.
You visited 1 branch of the dungeon, and saw 2 of its levels.

You collected 6 gold pieces.

Inventory:

Hand Weapons
 a - a +0 falchion (weapon)
Armour
 b - a +0 robe (worn)
Scrolls
 c - 2 scrolls of identify {unknown}
 e - a scroll of noise {unknown}
 f - a scroll of teleportation {unknown}
Potions
 d - a potion of flight {unknown}


   Skills:
 + Level 4.0 Fighting
 + Level 4.0 Long Blades
 + Level 3.5 Dodging
 + Level 2.0 Stealth


You had one spell level left.
You didn't know any spells.
Your spell library was empty.

Dungeon Overview and Level Annotations

Branches:
Dungeon (2/15)

Altars:


Innate Abilities, Weirdness & Mutations

You have a pair of horns on your head.
You reflexively headbutt those who attack you in melee.


Message History

The kobold hits you but does no damage.
You closely miss the kobold.
The kobold is moderately wounded.
The kobold closely misses you.
You hit the adder but do no damage. The adder bites you.
The kobold hits you with a +0 whip. The adder misses you.
You miss the adder. The kobold completely misses you. You furiously retaliate!
You headbutt the kobold.
You kill the kobold!
The adder closely misses you.
Your Stealth skill increases to level 2!
You barely miss the adder. The adder bites you but does no damage.
The adder bites you.
You hit the adder.
The adder is lightly wounded.
The adder closely misses you.
You miss the adder.
The adder is lightly wounded.
The adder barely misses you.
You hit the adder.
The adder is moderately wounded.
The adder bites you.
You are poisoned.
The adder poisons you! The adder bites you.
You completely miss the adder.
The adder is moderately wounded.
You feel sick. The adder bites you.
You are lethally poisoned!
The adder poisons you!
You are too injured to fight recklessly!
You are too injured to fight recklessly!
There is a lethal amount of poison in your body!
Okay, then.
You barely miss the adder. Your headbutt misses the adder.
The adder is moderately wounded.
* * * LOW HITPOINT WARNING * * *
You feel sick. The adder bites you.
* * * LOW HITPOINT WARNING * * *
The adder bites you.
You die...

≈ ≈ P# ######
#####.###
......##........
................
.........†......
......)@.....<..
.......S........
........##....#.
........# #...#
......... .....
......... ....
>.......# ...
........# ...


You could see an adder.

Vanquished Creatures
  3 endoplasms (D:1)
  2 giant cockroaches (D:1)
  3 goblins (D:1)
  4 hobgoblins (D:1)
  A ball python (D:1)
  3 frilled lizards (D:1)
  A kobold (D:2)
  2 rats
19 creatures vanquished.

Notes
Turn   | Place    | Note
-------+----------+-------------------------------------------
     0 | D:1      | Anon1729 the Minotaur Monk began the quest for the Orb.
     0 | D:1      | Reached XP level 1. HP: 19/19 MP: 0/0
   228 | D:1      | Reached XP level 2. HP: 24/27 MP: 1/1
   806 | D:2      | Slain by an adder

Illustrated notes

Levels and vault maps discovered:
D:1:      nicolae_arrival_washed_ashore, layout_loops_ring,
          kennysheep_decorative_pillar
D:2:      layout_rooms, basic_altar, minivault_23, serial_bayou_pond_b,
          kennysheep_generic_room_3

Skill      XL: |  1  2 |
---------------+-------+-----
Fighting       | 4 |  4.0
Long Blades    | 4 |  4.0
Stealth        | 2 |  2.0
Dodging        | |  3.5

Action                   || total
-------------------------++-------
Melee: Falchion          ||    41
       Headbutt          ||     4
 Stab: Sleeping          ||     2
Armor: Robe              ||     3
Dodge: Dodged            ||    28

Table legend: (Time is in decaauts)
 A = Elapsed time spent in this place.
 B = Non-inter-level travel time spent in this place.
 C = Inter-level travel time spent in this place.
 D = Time resting spent in this place.
 E = Time spent auto-exploring this place.
 F = Levels seen in this place.
 G = Mean time per level.
                   A        B        C        D        E       F      G
               +--------+--------+--------+--------+--------+-----+--------+
         Total |    809 |    792 |     17 |      0 |    680 |   2 |  404.5 |
       Dungeon |    809 |    792 |     17 |      0 |    680 |   2 |  404.5 |
               +--------+--------+--------+--------+--------+-----+--------+

Top non-repeatable levels by time:
     D:1: 794 daAuts
     D:2: 15 daAuts
